 Dungeon Crawl Stone Soup version 0.28.0-47-ge53b351184 (webtiles) character file.

Game seed: 6278670360635951542

476 bobregger the Cudgeller (level 7, -6/70 HPs)
             Began as an Ogre Berserker on Apr 26, 2022.
             Was a Priest of Trog.
             Mangled by a gnoll
             ... wielding a +0 club
              (7 damage)
             ... on level 4 of the Dungeon.
             The game lasted 00:06:07 (6255 turns).

bobregger the Cudgeller (Ogre Berserker)            Turns: 6255, Time: 00:06:08

Health: -6/70      AC:  3    Str: 22    XL:     7   Next: 10%
Magic:  7/7        EV: 10    Int:  8    God:    Trog [***...]
Gold:   101        SH:  0    Dex: 10    Spells: 6/6 levels left

rFire   + . .      SeeInvis .   a - +0 mace
rCold   . . .      Faith    .   (no shield)
rNeg    . . .      Spirit   .   b - +0 animal skin
rPois   .          Reflect  .   (helmet restricted)
rElec   .          Harm     .   (no cloak)
rCorr   .          Rampage  .   (gloves unavailable)
Will    .....                   (boots unavailable)
Stlth   +.........              (no amulet)
HPRegen 0.21/turn               l - ring of protection from fire
MPRegen 0.10/turn               (no ring)

@: no status effects
A: large, unfitting armour, tough skin 1
a: Renounce Religion, Berserk, Trog's Hand


You were on level 4 of the Dungeon.
You worshipped Trog.
Trog was most pleased with you.
You visited 1 branch of the dungeon, and saw 4 of its levels.

You collected 101 gold pieces.

Inventory:

Hand Weapons
 a - a +0 mace (weapon)
Armour
 b - a +0 animal skin (worn)
Jewellery
 l - a ring of protection from fire (left hand)
Scrolls
 d - a scroll of immolation {unknown}
 e - 2 scrolls of acquirement {unknown}
 f - 3 scrolls of holy word {unknown}
 g - 3 scrolls of teleportation {unknown}
 m - a scroll of torment {unknown}
 p - a scroll of identify {unknown}
 q - a scroll of brand weapon {unknown}
Potions
 c - 3 potions of lignification
 h - a potion of mutation {unknown}
 k - a potion of ambrosia


   Skills:
 - Level 4.0 Fighting
 + Level 7.1 Maces & Flails
 - Level 2.6 Dodging


You had 6 spell levels left.
You didn't know any spells.
Your spell library was empty.

Dungeon Overview and Level Annotations

Branches:
Dungeon (4/15)
 Temple: D:4-7

Altars:
Uskayaw


Innate Abilities, Weirdness & Mutations

You are too large for most types of armour.
You have tough skin. (AC +1)


Message History

You closely miss the gnoll.
The gnoll is lightly wounded.
The gnoll hits you but does no damage.
The gnoll hits you from afar with a +3 spear.
You sock the gnoll!
The gnoll is almost dead.
The gnoll barely misses you.
The gnoll hits you from afar with a +3 spear!
You barely miss the gnoll.
The gnoll is almost dead.
The gnoll hits you with a +0 spear.
The gnoll hits you from afar with a +3 spear.
The gnoll hits you with a +0 spear.
You hit the gnoll but do no damage.
The gnoll is almost dead.
The gnoll barely misses you. The gnoll hits you with a +0 spear.
You hit the gnoll.
You kill the gnoll!
Trog accepts your kill.
The gnoll hits you from afar with a +3 spear!
* * * LOW HITPOINT WARNING * * *
The gnoll hits you with a +3 spear.
* * * LOW HITPOINT WARNING * * *
You see here a +0 spear.
You barely miss the gnoll. The gnoll barely misses you.
You sock the gnoll!
The gnoll is severely wounded.
The gnoll hits you with a +3 spear.
* * * LOW HITPOINT WARNING * * *
You hit the gnoll.
You kill the gnoll!
Trog accepts your kill.
You closely miss the gnoll. The gnoll hits you with a +0 club.
* * * LOW HITPOINT WARNING * * *
You hit the gnoll but do no damage. The gnoll hits you with a +0 club.
* * * LOW HITPOINT WARNING * * *
You thump the gnoll!
The gnoll is severely wounded.
The gnoll hits you with a +0 club!
You die...

#############
......g@[...#
########
###########.#
.......# #.#
.#####.# #.# .#
#.# #.# .# #.#
#.# .#
#.#############.#
.#
#...............#
.#
#################


You could see a gnoll.

Vanquished Creatures
  A centaur (D:4)
  A gnoll sergeant (D:4)
  A scorpion (D:4)
  An orc priest (D:4)
  Jessica (D:3)
  6 gnolls
  3 adders
  3 adder skeletons (D:4)
  3 worms
  5 dart slugs
  5 orcs
  11 endoplasms
  5 giant cockroaches
  12 goblins
  5 hobgoblins
  10 quokkas
  10 ball pythons
  5 bats
  3 frilled lizards
  4 kobolds
  8 rats
103 creatures vanquished.

Notes
Turn   | Place    | Note
-------+----------+-------------------------------------------
     0 | D:1      | bobregger the Ogre Berserker began the quest for the Orb.
     0 | D:1      | Reached XP level 1. HP: 24/24 MP: 1/1
    57 | D:1      | Reached skill level 3 in Maces & Flails
   170 | D:1      | Reached XP level 2. HP: 29/32 MP: 2/2
   773 | D:1      | Reached XP level 3. HP: 28/39 MP: 3/3
  1361 | D:2      | Reached skill level 4 in Maces & Flails
  1664 | D:2      | Reached XP level 4. HP: 48/48 MP: 4/4
  1698 | D:2      | Reached ** piety under Trog
  2532 | D:2      | You fall into a shaft and drop 2 floors!
  2648 | D:3      | Reached skill level 5 in Maces & Flails
  2815 | D:2      | Reached XP level 5. HP: 45/54 MP: 5/5
  3264 | D:2      | Found a faded altar of an unknown god.
  3345 | D:3      | Noticed Jessica
  3360 | D:3      | Killed Jessica
  4261 | D:4      | Reached XP level 6. HP: 54/62 MP: 6/6
  4263 | D:4      | Reached skill level 6 in Maces & Flails
  4698 | D:4      | Reached *** piety under Trog
  4767 | D:4      | HP: 2/62 [gnoll/+0 spear (8)]
  5331 | D:4      | Found a hide-covered altar of Uskayaw.
  5433 | D:4      | Reached skill level 7 in Maces & Flails
  5433 | D:4      | Reached XP level 7. HP: 36/70 MP: 7/7
  6254 | D:4      | HP: 1/70 [gnoll/+0 club (4)]
  6255 | D:4      | Mangled by a gnoll

Illustrated notes

Levels and vault maps discovered:
D:1:      mushboom_english_gardens, layout_basic
D:2:      minmay_spotlight, layout_loops_corners,
          shapermc_ecumenical_altar_mp_vishouse, roderic_roman_lattice,
          kennysheep_cluttered_room, minmay_misc_feat_ornament, st_stairs_9
D:3:      layout_basic, serial_corexii_hall, corexii_hall_statues_l,
          corexii_hall_statues_u, chequers_garden, uniq_jessica
D:4:      layout_basic, lemuel_crystal_altar, portal_sewer_entry_f,
          lightli_minifort

Skill      XL: |  1  2  3  4  5  6 |
---------------+-------------------+-----
Maces & Flails | 3 4 5 7 |  7.1
Fighting       | |  4.0
Dodging        | |  2.6

Action                   |  1- 3 |  4- 6 |  7- 9 || total
-------------------------+-------+-------+-------++-------
Melee: Mace              |    89 |   237 |    18 ||   344
       Punch             |     1 |     1 |       ||     2
Invok: Berserk           |     1 |     5 |       ||     6
       Trog's Hand       |       |     1 |       ||     1
  Use: Potion            |       |     8 |       ||     8
 Stab: Sleeping          |       |     1 |       ||     1
Armor: Animal skin       |    37 |    67 |     2 ||   106
       Skin              |       |    31 |       ||    31
Dodge: Dodged            |    49 |   124 |     7 ||   180
